 Dungeon Crawl Stone Soup version 0.31.0-11-ge490571c62 (webtiles) character file.

Game seed: 150146878287757470

1171 Baz the Reanimator (level 8, -7/60 HPs)
             Began as a Demonspawn Necromancer on Feb 7, 2024.
             Killed from afar by a white imp (9 damage)
             ... with a puff of frost
             ... on level 6 of the Dungeon.
             The game lasted 00:10:10 (5960 turns).

Baz the Reanimator (Demonspawn Necromancer)         Turns: 5960, Time: 00:10:10

Health: -7/60      AC:  4    Str:  8    XL:     8   Next: 18%
Magic:  7/14       EV: 12    Int: 19    God:
Gold:   238        SH:  4    Dex: 19    Spells: 7/15 levels left

rFire   . . .        g - staff of death
rCold   . . .        (no shield)
rNeg    + . .        a - +0 robe
rPois   .            k - +0 helmet
rElec   .            (no cloak)
rCorr   .            i - +0 pair of gloves
SInv    .            (no boots)
Will    .....        (no amulet)
Stlth   ++           j - +6 ring of dexterity
HPRegen 0.30/turn    (no ring)
MPRegen 0.14/turn

%: no passive effects
@: no status effects
A: large bone plates 1, demonic guardian 1, foul stench 2
a: no special abilities


You were on level 6 of the Dungeon.
You visited 1 branch of the dungeon, and saw 6 of its levels.

You collected 238 gold pieces.

Inventory:

Hand Weapons
 e - a +0 short sword
Missiles
 w - a throwing net
Armour
 a - a +0 robe (worn)
 i - a +0 pair of gloves (worn)
 k - a +0 helmet (worn)
 r - the +2 leather armour "Aniunnedd" {^Contam Rampage rC+ Str+3}
   (You found it on level 2 of the Dungeon)

   Str+3:     It affects your strength (+3).
   rC+:       It protects you from cold.
   ^Contam:   It causes magical contamination when unequipped.
   Rampage:   It bestows one free step when moving towards enemies.
Magical Staves
 g - a staff of death (weapon)
Jewellery
 j - a +6 ring of dexterity (left hand)
 n - a ring of ice
 C - an amulet of faith
Wands
 o - a wand of flame (23)
Scrolls
 c - 2 scrolls of identify {unknown}
 f - 2 scrolls of noise {unknown}
 h - a scroll of acquirement {unknown}
 m - 3 scrolls of amnesia {unknown}
 q - 2 scrolls of enchant armour {unknown}
 s - a scroll of teleportation {unknown}
 t - a scroll of revelation {unknown}
 y - a scroll of enchant weapon {unknown}
 z - 2 scrolls of fog {unknown}
 A - a scroll of vulnerability {unknown}
Potions
 b - 2 potions of magic
 d - 2 potions of curing {unknown}
 l - a potion of haste {unknown}
 p - 2 potions of ambrosia {unknown}
 u - 3 potions of invisibility {unknown}
 v - a potion of might {unknown}
 x - 2 potions of heal wounds {unknown}
 B - a potion of resistance {unknown}


   Skills:
 + Level 4.1 Fighting
 + Level 3.5 Staves
 - Level 1.8 Dodging
 - Level 1.8 Stealth
 + Level 4.3 Spellcasting
 * Level 8.1 Necromancy


You had 7 spell levels left.
You knew the following spells:

 Your Spells              Type           Power      Damage    Failure   Level
a - Necrotise             Necr           100%       1d9       1%          1
b - Vampiric Draining     Necr           51%        2d9       1%          3
c - Animate Dead          Necr           51%        N/A       4%          4

Your spell library contained the following spells:

 Spells                   Type           Power      Damage    Failure   Level
 Apportation              Tloc           8%         N/A       13%         1
 Sting                    Conj/Alch      16%        1d4       13%         1
 Summon Small Mammal      Summ           16%        N/A       13%         1
 Curse of Agony           Necr           51%        N/A       13%         5
 Inner Flame              Hex/Fire       4%         N/A       36%         3
 Flame Wave               Conj/Fire      4%         2d5       78%         4
 Sticky Flame             Fire/Alch      4%         2d4       78%         4


Dungeon Overview and Level Annotations

Branches:
Dungeon (6/15)
 Temple: D:4-7

Altars:
Trog

Shops:
D:6 *


Innate Abilities, Weirdness & Mutations

You are partially covered in large bone plates. (SH +4)
A weak demonic guardian rushes to your aid.
You sometimes emit foul miasma when damaged in melee.


Message History

* * * LOW HITPOINT WARNING * * *
A demonic guardian appears!
The white imp freezes you.
* * * LOW HITPOINT WARNING * * *
Unknown command.
You hit the white imp but do no damage.
The white imp is heavily wounded.
The white imp gestures at you. The puff of frost hits you.
* * * LOW HITPOINT WARNING * * *
Your white imp closely misses the white imp.
You hit the white imp.
The white imp is severely wounded.
The white imp gestures at you. The puff of frost misses you.
Your white imp barely misses the white imp.
You hit the white imp but do no damage.
The white imp is severely wounded.
The white imp barely misses you.
Your white imp gestures at the white imp.
The puff of frost hits the white imp.
The white imp completely resists.
Unknown command.
You hit the white imp but do no damage.
The white imp is severely wounded.
The white imp gestures at you. The puff of frost hits you!
* * * LOW HITPOINT WARNING * * *
Your white imp hits the white imp but does no damage.
Unknown command.
You catch the helpless white imp completely off-guard!
You hit the white imp but do no damage.
The white imp is severely wounded.
The white imp gestures at you. The puff of frost misses you.
Your white imp closely misses the white imp.
Unknown command.
You completely miss the white imp.
The white imp is severely wounded.
The white imp gestures at you. The puff of frost hits you!
You die...

...........#.
#......=.....
.............
............
...#.?.#...
........### .
#.......... ..
#@).<..... ..
#)5.......
#.#.5#..###.# ###
#..)......... #<#
##....#+##.# #.#
#).#.# #####.#
#..#.######...#.#
#...#..'...'...'.#
+...#..#...#...#.#


You could see a white imp (ally target) and a friendly white imp (summoned).

Vanquished Creatures
  An ice beast (D:5)
  A black bear (D:4)
  An ogre (D:4)
  Blork the orc (D:4)
  2 scorpions (D:5)
  A bombardier beetle (D:5)
  A jelly (D:5)
  A hound (D:5)
  2 orc priests
  Terence (D:2)
  An iguana (D:5)
  3 orc wizards
  A sleepcap (D:4)
  6 gnolls
  8 adders
  3 river rats (D:4)
  4 dart slugs
  17 orcs
  8 ball pythons
  2 endoplasms
  3 giant cockroaches
  10 goblins
  9 hobgoblins
  9 kobolds
  4 quokkas
  8 bats
  A frilled lizard (D:3)
  7 rats
116 creatures vanquished.

Vanquished Creatures (collateral kills)
  A scorpion (D:5)
  An orc priest (D:5)
  Robin (D:2)
  2 gnolls (D:4)
  A white imp (D:5)
  2 orcs
  3 goblins (D:2)
  4 hobgoblins (D:2)
  3 rats
18 creatures vanquished.

Grand Total: 134 creatures vanquished

Notes
Turn   | Place    | Note
-------+----------+-------------------------------------------
     0 | D:1      | Baz the Demonspawn Necromancer began the quest for the Orb.
     0 | D:1      | Reached XP level 1. HP: 13/13 MP: 3/3
   217 | D:1      | Gained mutation: You may rarely emit foul miasma when
                  | damaged in melee. [demonic ancestry]
   217 | D:1      | Reached XP level 2. HP: 20/20 MP: 1/5
   975 | D:2      | Reached skill level 1 in Fighting
   975 | D:2      | Gained mutation: A weak demonic guardian rushes to your
                  | aid. [demonic ancestry]
   975 | D:2      | Reached XP level 3. HP: 20/26 MP: 0/6
  1079 | D:2      | Reached skill level 5 in Necromancy
  1299 | D:2      | Noticed Terence
  1307 | D:2      | Killed Terence
  1308 | D:2      | Reached skill level 1 in Staves
  1308 | D:2      | Reached XP level 4. HP: 32/32 MP: 1/7
  1371 | D:2      | Noticed Robin
  1397 | D:2      | Killed Robin
  1498 | D:2      | Identified the +2 leather armour "Aniunnedd" {^Contam
                  | Rampage rC+ Str+3}
  1913 | D:2      | Learned a level 3 spell: Vampiric Draining
  1918 | D:2      | Learned a level 4 spell: Animate Dead
  1971 | D:3      | Gained mutation: You sometimes emit foul miasma when
                  | damaged in melee. [demonic ancestry]
  1971 | D:3      | Reached XP level 5. HP: 38/38 MP: 5/9
  3107 | D:4      | Reached skill level 6 in Necromancy
  3295 | D:4      | Noticed an ogre
  3308 | D:4      | Killed an ogre
  3309 | D:4      | Gained mutation: You are partially covered in large bone
                  | plates. (SH +4) [demonic ancestry]
  3309 | D:4      | Reached XP level 6. HP: 43/46 MP: 6/10
  3787 | D:4      | Noticed Blork the orc
  3833 | D:4      | Killed Blork the orc
  3834 | D:4      | Reached XP level 7. HP: 45/52 MP: 6/12
  3921 | D:4      | Found a bloodstained altar of Trog.
  4267 | D:4      | Reached skill level 7 in Necromancy
  4688 | D:5      | Entered Level 5 of the Dungeon
  5347 | D:5      | Reached XP level 8. HP: 42/60 MP: 14/14
  5736 | D:5      | Reached skill level 8 in Necromancy
  5901 | D:6      | Found Ea-nāṣir's Fine Metal Goods.
  5958 | D:6      | HP: 2/60 [white imp/puff of frost (7)]
  5960 | D:6      | Killed from afar by a white imp

Illustrated notes

Levels and vault maps discovered:
D:1:      lemuel_arrival_behind_the_door_small, layout_basic, minmay_cupped
D:2:      minmay_wonky_spiral, layout_basic, uniq_terence, uniq_robin
D:3:      layout_loops_ring, grunt_ministairs_6, minivault_19,
          chequers_serial_rivers_room_a, roderic_lattice_a, skrybe_limestone_x
D:4:      layout_basic, mainiacjoe_overflow_catwalk, trog_book,
          portal_sewer_entry_e, uniq_blork_the_orc
D:5:      layout_gridville
D:6:      layout_basic, chequers_temple_overflow_statue_of_worship,
          enter_ossuary_5, nicolae_ea-nasir_strikes_again,
          minmay_fractal_squares_5

Skill      XL: |  1  2  3  4  5  6  7  8 |
---------------+-------------------------+-----
Fighting       | 1 2 3 4 |  4.1
Necromancy     | 5 6 7 8 |  8.1
Staves         | 1 2 3 |  3.5
Spellcasting   | 3 4 |  4.3
Dodging        | |  1.8
Stealth        | |  1.8

Action                     |  1- 3 |  4- 6 |  7- 9 || total
---------------------------+-------+-------+-------++-------
  Melee: Short sword       |     2 |       |       ||     2
         Unarmed           |     2 |       |       ||     2
         Staff             |    37 |    65 |    90 ||   192
         Punch             |       |     1 |     4 ||     5
   Cast: Necrotise         |    44 |    93 |    44 ||   181
         Vampiric Draining |       |     2 |     7 ||     9
   Stab: Distracted        |       |       |     1 ||     1
 Armour: Robe              |    34 |    63 |    83 ||   180
  Dodge: Dodged            |    54 |    52 |    55 ||   161
  Block: Other             |       |     6 |    14 ||    20
